 Dungeon Crawl Stone Soup version 0.28.0-43-g3370ac3207 (webtiles) character file.

Game seed: 7805350715211166456

1600 Gabide the Thaumaturge (level 8, -5/58 HPs)
             Began as a Mummy Necromancer on Mar 15, 2022.
             Was an Initiate of Sif Muna.
             Slain by Duvessa
             ... wielding a +0 short sword of protection
              (16 damage)
             ... on level 5 of the Dungeon.
             The game lasted 00:16:59 (7792 turns).

Gabide the Thaumaturge (Mummy Necromancer)          Turns: 7792, Time: 00:17:00

Health: -5/58      AC:  5    Str: 12    XL:     8   Next: 62%
Magic:  1/20       EV: 12    Int: 16    God:    Sif Muna [......]
Gold:   193        SH:  0    Dex: 12    Spells: 11/24 levels left

rFire   x . .      SeeInvis .   (no weapon)
rCold   + . .      Faith    .   (no shield)
rNeg    + + +      Spirit   .   a - +0 robe
rPois   ∞          Reflect  .   m - +2 helmet
rElec   .          Harm     .   (no cloak)
rCorr   .          Rampage  .   (no gloves)
Will    +....                   (no boots)
Stlth   ++........              g - amulet of regeneration
HPRegen 0.99/turn               (no ring)
MPRegen 0.17/turn               (no ring)

@: about to teleport
A: cold resistance 1, negative energy resistance 3, torment resistance 2, heat
vulnerability 1, no potions
a: Renounce Religion


You were on level 5 of the Dungeon.
You worshipped Sif Muna.
Sif Muna was noncommittal.
You visited 1 branch of the dungeon, and saw 6 of its levels.

You collected 193 gold pieces.

Inventory:

Armour
 a - a +0 robe (worn)
 m - a +2 helmet (worn)
Jewellery
 g - an amulet of regeneration (around neck)
Wands
 i - a wand of charming (7)
 o - a wand of flame (17)
Scrolls
 b - a scroll of noise
 c - a scroll of immolation {unknown}
 e - a scroll of enchant armour {unknown}
 f - a scroll of fog {unknown}
 h - a scroll of vulnerability
 j - a scroll of summoning {unknown}
 k - a scroll of torment
 l - a scroll of acquirement {unknown}
 n - a scroll of enchant weapon {unknown}


   Skills:
 * Level 3.3 Fighting
 * Level 3.0 Dodging
 + Level 1.9 Stealth
 + Level 0.9 Unarmed Combat
 * Level 8.7 Spellcasting
 * Level 7.8 Necromancy
 + Level 0.1 Evocations


You had 11 spell levels left.
You knew the following spells:

 Your Spells              Type           Power      Damage    Failure   Level
a - Pain                  Necr           100%       1d9       1%          1
b - Vampiric Draining     Necr           32%        2d8       1%          3
c - Animate Dead          Necr           16%        N/A       4%          4
d - Agony                 Necr           32%        N/A       12%         5

Your spell library contained the following spells:

 Spells                   Type           Power      Damage    Failure   Level
 Animate Skeleton         Necr           64%        N/A       1%          1
 Corpse Rot               Necr/Air       38%        N/A       3%          2
 Poisonous Vapours        Pois/Air       12%        N/A       16%         2
 Flame Wave               Conj/Fire      6%         2d5       71%         4
 Necromutation            Tmut/Necr      Unusable   N/A       N/A         8

Dungeon Overview and Level Annotations

Branches:
Dungeon (6/15)
 Temple: D:4-7

Altars:
Qazlal
Sif Muna

Annotations:
D:5 Duvessa


Innate Abilities, Weirdness & Mutations

You are immune to poison.
Your flesh is cold resistant. (rC+)
You are immune to negative energy. (rN+++)
You are immune to unholy pain and torment.
You are vulnerable to heat. (rF-)
You do not drink.


Message History

Aim: Duvessa, wielding a +0 short sword of protection and wearing a +0 leather armour (heavily wounded, berserk, 72% to hit)
The puff of flame misses Duvessa.
Duvessa misses you.
You draw life force from Duvessa!
Duvessa barely misses you.
You draw life force from Duvessa!
Duvessa hits you with a +0 short sword of protection!
A necrophage comes into view.
Duvessa barely misses you.
Casting: Vampiric Draining (safe; 1% risk of failure)
Confirm with . or Enter, or press ? or * to list all spells.
Aiming: Pain (safe; 1% risk of failure)
Press: ? - help, Shift-Dir - straight line, f/p - Duvessa
Aim: Duvessa, wielding a +0 short sword of protection and wearing a +0 leather armour (almost dead, berserk, chance to affect: 70%) Duvessa writhes in agony.
Duvessa barely misses you.
You barely miss Duvessa.
Duvessa is almost dead.
Duvessa barely misses you.
Duvessa hits you with a +0 short sword of protection!
Duvessa closely misses you.
You see here a necrophage corpse.
Casting: Pain (safe; 1% risk of failure)
Confirm with . or Enter, or press ? or * to list all spells.
Aiming: Pain (safe; 1% risk of failure)
Press: ? - help, Shift-Dir - straight line, f/p - Duvessa
Aim: Duvessa, wielding a +0 short sword of protection and wearing a +0 leather armour (almost dead, berserk, chance to affect: 70%) Duvessa struggles to resist.
Duvessa closely misses you.
Duvessa hits you with a +0 short sword of protection!
Okay, then.
Duvessa hits you with a +0 short sword of protection.
Okay, then.
Duvessa rages.
Duvessa hits you with a +0 short sword of protection!
Blink to where?
Press: ? - help, Dir - move target, p - Duvessa
As you read the scroll of blinking, it crumbles to dust.
As you read the scroll of teleportation, it crumbles to dust.
You feel strangely unstable.
Duvessa hits you with a +0 short sword of protection!
* * * LOW HITPOINT WARNING * * *
Duvessa hits you with a +0 short sword of protection!
You die...

.#
#.)e§Z†.y.........#.#..#
.#
#######................#
# )# ##...............#
### .# #.##...o.....#.#
#.. .# #.###........#.#
#.. ## #.###.#......#.#
#.. #..............###..
###.#.......[.[..)..
########@#.<....<.).#####
........e##.###...#.# ###
########n##.# #...#.# #..
#.O.§..##.# ##.##.###.#
#.####.##.# #.##.....#
#.# #.##.# #.#####... #O#
#.##.# #.# ##.# #†#
#.##.# #.######.. #.# #.#
#.........


You could see Duvessa (berserk), a necrophage and an orc (wandering).

Vanquished Creatures
  Pikel (D:4)
  A water moccasin (D:4)
  2 ogres
  A necrophage (D:5)
  Blork the orc (D:5)
  2 scorpions
  Dowan (D:5)
  4 killer bees
  2 iguanas (D:4)
  3 orc wizards
  Ijyb (D:4)
  A howler monkey zombie (D:6)
  4 adders
  3 gnolls
  3 worms
  13 orcs
  7 bats
  9 endoplasms
  4 giant cockroaches
  5 goblins
  7 hobgoblins
  4 jackals (D:2)
  3 kobolds
  4 quokkas
  9 ball pythons
  5 frilled lizards
  4 rats
104 creatures vanquished.

Vanquished Creatures (collateral kills)
  A lemure (D:4)
  A howler monkey zombie (D:5)
2 creatures vanquished.

Vanquished Creatures (others)
  A water moccasin (D:5)
1 creature vanquished.

Grand Total: 107 creatures vanquished

Notes
Turn   | Place    | Note
-------+----------+-------------------------------------------
     0 | D:1      | Gabide the Mummy Necromancer began the quest for the Orb.
     0 | D:1      | Reached XP level 1. HP: 13/13 MP: 4/4
   483 | D:1      | Reached XP level 2. HP: 2/20 MP: 0/5
   925 | D:1      | Reached skill level 3 in Spellcasting
  1393 | D:1      | Reached XP level 3. HP: 25/25 MP: 4/7
  2389 | D:1      | Reached skill level 4 in Spellcasting
  2578 | D:1      | Reached skill level 1 in Fighting
  2578 | D:1      | Reached XP level 4. HP: 16/32 MP: 5/10
  3103 | D:2      | Learned a level 3 spell: Vampiric Draining
  3108 | D:2      | Learned a level 4 spell: Animate Dead
  3701 | D:3      | Reached XP level 5. HP: 23/37 MP: 0/12
  3792 | D:3      | Learned a level 5 spell: Agony
  4384 | D:3      | Reached skill level 5 in Necromancy
  4749 | D:4      | Noticed an ogre
  4755 | D:4      | Killed an ogre
  4756 | D:4      | Reached skill level 5 in Spellcasting
  5044 | D:4      | Reached XP level 6. HP: 44/44 MP: 3/14
  5598 | D:4      | Found a shimmering blue altar of Sif Muna.
  5610 | D:4      | Found a stormy altar of Qazlal.
  5638 | D:4      | Became a worshipper of Sif Muna the Loreminder
  5795 | D:4      | You fall into a shaft and drop 2 floors!
  5959 | D:5      | Entered Level 5 of the Dungeon
  5977 | D:5      | Reached skill level 6 in Spellcasting
  6190 | D:5      | Noticed Dowan
  6191 | D:5      | Noticed Duvessa
  6212 | D:5      | Reached XP level 7. HP: 51/51 MP: 11/16
  6219 | D:5      | Killed Dowan
  6995 | D:4      | Reached skill level 7 in Spellcasting
  7117 | D:5      | Got the Catalogue of Evil Confrontation
  7140 | D:5      | Noticed Ijyb
  7141 | D:5      | Noticed Pikel
  7171 | D:4      | Killed Ijyb
  7172 | D:4      | Reached XP level 8. HP: 57/57 MP: 6/19
  7489 | D:4      | Killed Pikel
  7490 | D:4      | Reached skill level 8 in Spellcasting
  7752 | D:5      | Noticed Blork the orc
  7758 | D:5      | Killed Blork the orc
  7792 | D:5      | Slain by Duvessa

Illustrated notes

Levels and vault maps discovered:
D:1:      minmay_arrival_diagonal_passages, layout_loops_ring,
          roderic_filled_cross, fountainhead, minmay_tromino_v4_a
D:2:      layout_loops_ring, corexii_leaking_fountain, kennysheep_generic_room_4
D:3:      layout_basic
D:4:      layout_loops_ring, mainiacjoe_overflow_catwalk_spiral, uniq_eustachio
D:5:      layout_loops_ring, uniq_pikel, uniq_duvessa, uniq_ijyb,
          uniq_blork_the_orc
D:6:      layout_basic, gup_ossuary_entry_pyramid, uniq_crazy_yiuf_cottage,
          uniq_prince_ribbit1

Skill      XL: |  1  2  3  4  5  6  7  8 |
---------------+-------------------------+-----
Spellcasting   | 3 4 5 6 7 8 |  8.7
Fighting       | 1 2 3 |  3.3
Necromancy     | 5 6 7 |  7.8
Dodging        | 2 3 |  3.0
Stealth        | |  1.9
Unarmed Combat | |  0.9
Evocations     | |  0.1

Action                   |  1- 3 |  4- 6 |  7- 9 || total
-------------------------+-------+-------+-------++-------
Melee: Unarmed           |    22 |    39 |    73 ||   134
       Punch             |       |       |     3 ||     3
 Cast: Pain              |    76 |    88 |    25 ||   189
       Vampiric Draining |       |    24 |    31 ||    55
       Animate Dead      |       |       |     4 ||     4
       Agony             |       |       |     2 ||     2
Evoke: Wand              |       |       |    11 ||    11
  Use: Scroll            |       |     5 |     6 ||    11
 Stab: Sleeping          |       |     1 |       ||     1
       Distracted        |       |       |     1 ||     1
Armor: Robe              |     5 |     8 |    15 ||    28
Dodge: Dodged            |    44 |    57 |    83 ||   184
